 Dungeon Sprint DCSS version 0.28-a0-1152-g9c71ebef14 (webtiles) character file.

Game seed: 7794910039184813384

17461 MeowMasterZ the Warrior (level 12, -1/95 HPs)
             Began as a Djinni Summoner on Dec 14, 2021.
             Was the Champion of Makhleb.
             Killed by an exploding ball lightning (27 damage)
             ... in the Dungeon (Sprint I: "Red Sonja") on Dec 15, 2021.
             The game lasted 01:22:20 (5517 turns).

MeowMasterZ the Warrior (Djinni Summoner)           Turns: 5517, Time: 01:22:21

Health: -1/95      AC: 17    Str: 12    XL:     12   Next: 82%
Gold:   521        EV: 19    Int: 22    God:    Makhleb [******] SH:  5 Dex: 15

rFire   + + .      SeeInvis .   A - +2 dagger (venom)
rCold   x . .      Faith    .   (no shield)
rNeg    . . .      Spirit   .   x - +0 scale mail of Vexation {-Tele Str+3}
rPois   ∞          Reflect  +   t - +2 helmet {Int+3}
rElec   .          Harm     .   (no cloak)
rCorr   .          Rampage  .   (no gloves)
Will    +....      NoTele   +   (boots unavailable)
Stlth   +.........              v - amulet of reflection
HPRegen 0.25/turn               u - +4 ring of protection
MPRegen 0.00/turn               c - +4 ring of evasion

@: flying, studying Fighting
A: sickness immunity, fire resistance 2, cold vulnerability 1, float, innate
caster, hp casting, extra vitality 1, frail 1
a: Renounce Religion, Minor Destruction, Lesser Servant of Makhleb, Major
Destruction, Greater Servant of Makhleb


You were in the Dungeon.
You worshipped Makhleb.
Makhleb was exalted by your worship.
You visited 1 branch You collected 3184 gold pieces.
You spent 2663 gold pieces at shops.

Inventory:

Hand Weapons
 g - a +0 club
 o - a +0 morningstar
 A - a +2 dagger of venom (weapon)
Missiles
 l - 5 silver javelins (quivered)
Armour
 a - a +0 robe
 h - a +0 leather armour
 m - a +0 troll leather armour
 t - a +2 helmet of intelligence (worn)
 w - a +2 chain mail of willpower
 x - the +0 scale mail of Vexation (worn) {-Tele Str+3}
   (You bought it in a shop in the Dungeon)

   Str:       It affects your strength (+3).
   -Tele:     It prevents most forms of teleportation.
Jewellery
 c - a +4 ring of evasion (right hand)
 q - a ring of wizardry
 u - a +4 ring of protection (left hand)
 v - an amulet of reflection (around neck)
Wands
 e - a wand of flame (45)
Scrolls
 f - a scroll of blinking
 i - a scroll of magic mapping {unknown}
 j - a scroll of enchant armour
 k - a scroll of fear {unknown}
 n - a scroll of enchant weapon {unknown}
 r - a scroll of identify {unknown}
 y - a scroll of amnesia {unknown}
Potions
 b - 3 potions of curing
 d - a potion of haste
 z - a potion of might
Miscellaneous
 p - a lightning rod (4/4)


   Skills:
 * Level 17.3 Fighting
 + Level 13.8 Armour
 + Level 14.6 Dodging
 - Level 1.5 Stealth
 - Level 13.5 Spellcasting
 + Level 10.4 Invocations


You had 11 spell levels left.
You knew the following spells:

 Your Spells              Type           Power      Damage    Failure   Level
a - Summon Small Mammal   Summ           100%       N/A       1%          1
b - Call Imp              Summ           65%        N/A       1%          2
c - Call Canine Familiar  Summ           65%        N/A       1%          3
d - Summon Guardian Gole  Hex/Summ       65%        N/A       1%          3
e - Summon Lightning Spi  Summ/Air       65%        N/A       1%          4
f - Beastly Appendage     Tmut           100%       N/A       1%          1
g - Passwall              Tmut/Erth      54%        N/A       1%          2
h - Frozen Ramparts       Ice            100%       1d12      1%          3
i - Sticky Flame          Conj/Fire      65%        2d8       1%          4
j - Dispel Undead         Necr           65%        3d22      1%          4
Your spell library was empty.

Dungeon Overview and Level Annotations

Branches:
Dungeon (1/1)

Altars:
Cheibriados
Dithmenos
Elyvilon
Fedhas
Gozag
Hepliaklqana
Kikubaaqudgha
Makhleb
Nemelex Xobeh
Okawaru
Qazlal
Ru
Sif Muna
Trog
Uskayaw
Vehumet
Wu Jian
Xom
Yredelemnul
Zin
The Shining One
Jiyva
Lugonu

Shops:
D ?*:?!=!!!:**:=*?:!([!

Annotations:
D exclusion: door, Lernaean hydra, Lom Lobon


Innate Abilities, Weirdness & Mutations

You are immune to sickness and miasma.
You are immune to poison.
Your flesh is very heat resistant. (rF++)
You are vulnerable to cold. (rC-)
You float through the air rather than walking.
You learn spells naturally, not from books.
Your magical power is your life essence.
You have superior vitality. (+4 HP)
You are frail. (-10% HP)


Message History

The 27-headed Lernaean hydra bites you.
The 27-headed Lernaean hydra bites you but does no damage.
The 27-headed Lernaean hydra misses you.
The 27-headed Lernaean hydra bites you but does no damage. x3
The 27-headed Lernaean hydra closely misses you.
The 27-headed Lernaean hydra bites you.
The 27-headed Lernaean hydra barely misses you.
The 27-headed Lernaean hydra bites you. The 27-headed Lernaean hydra bites you!
The 27-headed Lernaean hydra closely misses you.
The 27-headed Lernaean hydra bites you but does no damage. x3
You block the 27-headed Lernaean hydra's attack.
The 27-headed Lernaean hydra closely misses you. 3 ball lightnings come into view.
Your warg bites the 27-headed Lernaean hydra.
The 27-headed Lernaean hydra bites your warg.
The 27-headed Lernaean hydra bites your warg! x2
The 27-headed Lernaean hydra closely misses your warg.
The 27-headed Lernaean hydra bites your warg!
Your warg dies!
Your warg's corpse disappears in a puff of smoke!
The 27-headed Lernaean hydra bites your white imp!
Your white imp dies!
Your white imp disappears in a puff of smoke!
Lom Lobon gestures.
Lom Lobon blinks!
There is an open door here.
Found 108 gold pieces.
You see here 27 gold pieces.
There's a creature in the doorway!
You see here 27 gold pieces.
Press: ? - help, . - travel You can't see that place. [the floor.]
Okay, then.
A demon appears!
The ball lightning explodes!
The blast of lightning engulfs the 27-headed Lernaean hydra!!
The blast of lightning engulfs the ball lightning.
The ball lightning completely resists.
The blast of lightning engulfs you!!
You die...

###...°.....#
#.'..#
.('......####
#.##'##
####..○###
#.#≈≈≈## #####
#^#≈*≈≈##
§.#≈≈≈≈≈# ###
.####≈≈≈≈#≈≈≈≈≈
○.#$$#'*≈&'≈≈.≈≈
○°
#$$D##≈≈#≈≈≈≈≈
°°°
#$@$2######'##
○&° #$$$$# ≈
######


You could see the 27-headed Lernaean hydra (ally target), a ball lightning
(wandering) and a friendly balrug (summoned).

Vanquished Creatures
  A deep elf annihilator (D)
  A mummy priest (D)
  3 shining eyes (D)
  2 merfolk sirens (D)
  A gargoyle (D)
  2 unseen horrors (D)
  3 demonic crawlers (D)
  4 hornets (D)
  13 hogs (D)
  A yak (D)
  2 floating eyes (D)
  3 necrophages (D)
  5 jellies (D)
  Ijyb (D)
42 creatures vanquished.

Vanquished Creatures (collateral kills)
  A lorocyproca (D)
  A hydra (D)
  2 centaur warriors (D)
  Sonja (D)
  A deep troll (D)
  A lindwurm (D)
  5 shining eyes (D)
  2 oklob plants (D)
  A gargoyle (D)
  A demonic crawler (D)
  2 kobold demonologists (D)
  A hellwing (D)
  Sigmund (D)
  2 redbacks (D)
  5 floating eyes (D)
  4 necrophages (D)
  An ogre (D)
  2 jellies (D)
34 creatures vanquished.

Vanquished Creatures (others)
  A hornet (D)
  A slime creature (D)
  A jelly (D)
  A ball lightning (D)
  2 ballistomycete spores (D)
6 creatures vanquished.

Grand Total: 82 creatures vanquished

Notes
Turn   | Place    | Note
-------+----------+-------------------------------------------
     0 | D        | MeowMasterZ the Djinni Summoner began the quest for the
                  | Orb.
     0 | D        | Reached XP level 1. HP: 15/15 MP: 0/0
     3 | D        | Noticed Ijyb
    14 | D        | HP: 1/22 [Ijyb (2)]
    19 | D        | Killed Ijyb
    20 | D        | Reached skill level 5 in Fighting
    20 | D        | Reached XP level 2. HP: 4/29 MP: 0/0
    20 | D        | Reached XP level 3. HP: 5/34 MP: 0/0
    20 | D        | Learned a level 1 spell: Beastly Appendage
   295 | D        | Noticed an ogre
   309 | D        | Killed an ogre
   310 | D        | Reached skill level 7 in Fighting
   310 | D        | Reached XP level 4. HP: 29/42 MP: 0/0
   310 | D        | Reached XP level 5. HP: 33/47 MP: 0/0
   310 | D        | Learned a level 2 spell: Passwall
   405 | D        | Noticed Sigmund
   417 | D        | Killed Sigmund
   418 | D        | Reached skill level 8 in Fighting
   418 | D        | Reached skill level 5 in Spellcasting
   418 | D        | Reached XP level 6. HP: 46/55 MP: 0/0
   476 | D        | Found an ornate altar of the Wu Jian Council.
   536 | D        | Found Ynwurut's Armour Emporium.
   563 | D        | Found a burning altar of Makhleb.
   563 | D        | Found a viscous altar of Jiyva.
   563 | D        | Found a shimmering altar of Xom.
   563 | D        | Found a corrupted altar of Lugonu.
   563 | D        | Noticed a slime creature
   586 | D        | Killed a slime creature
   587 | D        | Reached skill level 9 in Fighting
   587 | D        | Reached XP level 7. HP: 44/62 MP: 0/0
   587 | D        | Learned a level 3 spell: Frozen Ramparts
   703 | D        | Found Cecsa's Magic Scroll Emporium.
   703 | D        | Found a hazy altar of Hepliaklqana.
   703 | D        | Found a stormy altar of Qazlal.
   703 | D        | Found a hide-covered altar of Uskayaw.
   703 | D        | Found a blossoming altar of Fedhas.
   703 | D        | Found a bloodstained altar of Trog.
   703 | D        | Found an iron altar of Okawaru.
   703 | D        | Found a basalt altar of Yredelemnul.
   703 | D        | Found a glowing golden altar of the Shining One.
   703 | D        | Found a snail-covered altar of Cheibriados.
   703 | D        | Found a sacrificial altar of Ru.
   703 | D        | Found a glowing silver altar of Zin.
   703 | D        | Found a shadowy altar of Dithmenos.
   703 | D        | Found a white marble altar of Elyvilon.
   703 | D        | Noticed a yak
   707 | D        | Killed a yak
   708 | D        | Reached skill level 10 in Fighting
   708 | D        | Reached skill level 5 in Armour
   708 | D        | Found an opulent altar of Gozag.
   709 | D        | Found a sparkling altar of Nemelex Xobeh.
   725 | D        | Became a worshipper of Makhleb the Destroyer
   782 | D        | Noticed Sonja
   791 | D        | Killed Sonja
   792 | D        | Reached XP level 8. HP: 49/68 MP: 0/0
   845 | D        | Found Goeckir's Magic Scroll Boutique.
  1006 | D        | Noticed a deep troll
  1013 | D        | Killed a deep troll
  1014 | D        | Reached XP level 9. HP: 56/74 MP: 0/0
  1014 | D        | Learned a level 4 spell: Sticky Flame
  1359 | D        | Noticed a shining eye
  1359 | D        | Noticed a shining eye
  1359 | D        | Noticed a shining eye
  1359 | D        | Reached * piety under Makhleb
  1364 | D        | Killed a shining eye
  1365 | D        | Paralysed by a floating eye for 3 turns
  1369 | D        | Noticed a shining eye
  1395 | D        | Killed a shining eye
  1395 | D        | Reached ** piety under Makhleb
  1396 | D        | Reached skill level 11 in Fighting
  1396 | D        | Reached skill level 10 in Armour
  1396 | D        | Reached skill level 10 in Dodging
  1396 | D        | Reached skill level 10 in Spellcasting
  1398 | D        | Killed a shining eye
  1399 | D        | Reached XP level 10. HP: 68/84 MP: 0/0
  1425 | D        | Paralysed by a floating eye for 3 turns
  1444 | D        | Killed a shining eye
  1445 | D        | Reached skill level 12 in Fighting
  1450 | D        | Noticed a shining eye
  1450 | D        | Noticed a shining eye
  1492 | D        | Killed a shining eye
  1492 | D        | Reached *** piety under Makhleb
  1497 | D        | Killed a shining eye
  1498 | D        | Reached skill level 5 in Invocations
  1499 | D        | Noticed a shining eye
  1499 | D        | Noticed a shining eye
  1499 | D        | Gained mutation: You are frail. (-10% HP) [a shining eye]
  1517 | D        | Killed a shining eye
  1544 | D        | Killed a shining eye
  1544 | D        | Reached **** piety under Makhleb
  1545 | D        | Reached skill level 13 in Fighting
  1557 | D        | Found Hiustis's Distillery.
  1557 | D        | Found Bierang's General Store.
  1557 | D        | Found Rickoti's Jewellery Boutique.
  1557 | D        | Found Haadann's Book Emporium.
  1610 | D        | Noticed a kobold demonologist
  1610 | D        | Noticed a kobold demonologist
  1618 | D        | Noticed a rust devil
  1622 | D        | Killed a kobold demonologist
  1623 | D        | Reached XP level 11. HP: 82/82 MP: 0/0
  1623 | D        | Learned a level 4 spell: Dispel Undead
  1625 | D        | Reached ***** piety under Makhleb
  1728 | D        | Noticed a centaur warrior
  1730 | D        | Noticed a centaur warrior
  1735 | D        | Killed a centaur warrior
  1736 | D        | Reached skill level 14 in Fighting
  1741 | D        | Killed a centaur warrior
  1806 | D        | Noticed an oklob plant
  1811 | D        | Killed an oklob plant
  1830 | D        | Reached ****** piety under Makhleb
  1991 | D        | Paralysed by a floating eye for 2 turns
  1998 | D        | Paralysed by a floating eye for 4 turns
  2193 | D        | Found Gaodet's Distillery.
  2193 | D        | Found Woam's Distillery.
  2193 | D        | Found Emasef's Antique Weapon Emporium.
  2195 | D        | Found Jipueleby's Book Boutique.
  2195 | D        | Found Ymnimuopn's Magic Scroll Shoppe.
  2195 | D        | Found Voatt's General Store.
  2195 | D        | Found Liuj's Jewellery Emporium.
  2195 | D        | Found Aquteschy's Book Boutique.
  2195 | D        | Found Naoniduj's General Store.
  2195 | D        | Found Ceixuffo's General Store.
  2199 | D        | Found Raaddoops's Book Emporium.
  2200 | D        | Found Syomepp's Distillery.
  2200 | D        | Found Huemuptu's Distillery.
  2201 | D        | Found Raeraus's Distillery.
  2272 | D        | Reached skill level 15 in Fighting
  2283 | D        | Noticed a lindwurm
  2300 | D        | Killed a lindwurm
  2301 | D        | Reached XP level 12. HP: 79/91 MP: 0/0
  2428 | D        | Bought a +0 helmet of intelligence for 149 gold pieces
  2429 | D        | Bought a +4 ring of protection for 396 gold pieces
  2437 | D        | Bought a scroll of enchant armour for 82 gold pieces
  2439 | D        | Bought an amulet of reflection for 330 gold pieces
  2481 | D        | Bought a +2 chain mail of willpower for 258 gold pieces
  2501 | D        | Bought the +0 scale mail of Vexation {-Tele Str+3} for 140
                  | gold pieces
  2541 | D        | Bought a potion of might for 48 gold pieces
  2596 | D        | Noticed a lorocyproca
  2604 | D        | Killed a lorocyproca
  3258 | D        | Bought a potion of resistance for 140 gold pieces
  3315 | D        | HP: 3/92 [something (18)]
  3389 | D        | HP: 2/92 [something (25)]
  3829 | D        | Noticed a 12-headed hydra
  3837 | D        | Killed a 12-headed hydra
  4074 | D        | Bought a manual of Fighting for 1120 gold pieces
  4168 | D        | Reached skill level 16 in Fighting
  4282 | D        | Noticed a deep elf annihilator
  4556 | D        | Killed a deep elf annihilator
  4557 | D        | Reached skill level 10 in Invocations
  4568 | D        | Upgraded the game from 0.28-a0-1143-gcf6077d4cc to
                  | 0.28-a0-1152-g9c71ebef14
  4687 | D        | Noticed a mummy priest
  5006 | D        | Noticed a flayed ghost
  5006 | D        | Noticed a flayed ghost
  5129 | D        | Killed a mummy priest
  5130 | D        | Reached skill level 17 in Fighting
  5497 | D        | Noticed Lom Lobon
  5510 | D        | Noticed the 27-headed Lernaean hydra
  5517 | D        | Killed by an exploding ball lightning

Illustrated notes

Levels and vault maps discovered:
D:        dungeon_sprint_1 [red_sonja_temple_1, red_sonja_temple_small_1]

Skill      XL: |  1  2  3  4  5  6  7  8  9 10 11 12 |
---------------+-------------------------------------+-----
Fighting       | 5 7 8 9 10 11 13 15 17 | 17.3
Dodging        | 4 7 8 9 10 11 13 14 | 14.6
Spellcasting   | 4 5 6 9 10 11 12 13 | 13.5
Armour         | 3 5 9 10 11 12 13 | 13.8
Invocations    | 3 6 8 10 | 10.4
Stealth        | |  1.5

Action                   |  1- 3 |  4- 6 |  7- 9 | 10-12 || total
-------------------------+-------+-------+-------+-------++-------
Melee: Unarmed           |    10 |       |       |       ||    10
       Club              |       |       |     3 |    25 ||    28
       Headbutt          |       |       |     2 |     6 ||     8
Throw: Boomerang         |       |       |       |     2 ||     2
 Cast: Summon Small Mamm |     6 |     5 |    12 |    33 ||    56
       Call Canine Famil |     2 |     5 |     7 |    30 ||    44
       Call Imp          |     2 |     3 |     7 |    20 ||    32
       Summon Guardian G |       |     3 |     6 |    29 ||    38
       Passwall          |       |     6 |       |       ||     6
       Summon Lightning  |       |       |    15 |    44 ||    59
       Frozen Ramparts   |       |       |     4 |    27 ||    31
       Beastly Appendage |       |       |     1 |     3 ||     4
       Sticky Flame      |       |       |       |    19 ||    19
       Dispel Undead     |       |       |       |     5 ||     5
Invok: Lesser Servant of |       |       |       |     1 ||     1
       Greater Servant o |       |       |       |     1 ||     1
Evoke: Wand              |       |       |       |     1 ||     1
  Use: Potion            |     1 |       |       |     3 ||     4
       Scroll            |       |       |       |     2 ||     2
Armor: Robe              |       |       |     1 |       ||     1
       Troll leather arm |       |       |       |     8 ||     8
       Scale mail        |       |       |       |    14 ||    14
Dodge: Dodged            |     4 |       |     6 |    56 ||    66
Block: Other             |       |       |       |     2 ||     2

Table legend: (Time is in decaauts)
 A = Elapsed time spent in this place.
 B = Non-inter-level travel time spent in this place.
 C = Inter-level travel time spent in this place.
 D = Time resting spent in this place.
 E = Time spent auto-exploring this place.
 F = Levels seen in this place.
 G = Mean time per level.
                   A        B        C        D        E       F      G
               +--------+--------+--------+--------+--------+-----+--------+
         Total |   5530 |   5100 |    430 |   3109 |      0 |   1 | 5530.0 |
       Dungeon |   5530 |   5100 |    430 |   3109 |      0 |   1 | 5530.0 |
               +--------+--------+--------+--------+--------+-----+--------+

Top non-repeatable levels by time:
       D: 5530 daAuts
